 Dungeon Crawl Stone Soup version 0.26-a0-652-gafc20e3620 (webtiles) character file.

Game seed: 7157179878622655953

204 Drachen the Cudgeler (level 5, -3/48 HPs)
             Began as a Palentonga Warper on Sept 30, 2020.
             Was an Initiate of Okawaru.
             Killed from afar by an orc wizard (5 damage)
             ... with a magic dart
             ... on level 2 of the Dungeon.
             The game lasted 00:12:27 (2961 turns).

Drachen the Cudgeler (Palentonga Warper)            Turns: 2961, Time: 00:12:28

Health: -3/48      AC:  4    Str: 15    XL:     5   Next: 52%
Magic:  6/8        EV:  9    Int: 13    God:    Okawaru [......]
Gold:   147        SH:  5    Dex: 10    Spells: 6/8 levels left

rFire    . . .     SeeInvis +   a - +0 mace
rCold    . . .     Faith    .   (no shield)
rNeg     . . .     Spirit   .   b - +0 leather armour
rPois    .         Reflect  +   (no helmet)
rElec    .         Harm     .   (no cloak)
rCorr    +         Rampage  .   (no gloves)
MR       .....                  (no barding)
Stlth    +.........             g - amulet of reflection
HPRegen  0.16/turn              j - ring of resist corrosion
MPRegen  0.11/turn              (no ring)

@: no status effects
A: large, rugged brown scales 3, see invisible, deformed body, roll, armoured
tail
a: Rolling Charge, Renounce Religion


You were on level 2 of the Dungeon.
You worshipped Okawaru.
Okawaru was noncommittal.
You visited 1 branch of the dungeon, and saw 3 of its levels.

You collected 147 gold pieces.

Inventory:

Hand Weapons
 a - a +0 mace (weapon)
 n - a +0 flail
Missiles
 e - 5 boomerangs of dispersal (quivered)
Armour
 b - a +0 leather armour (worn)
Jewellery
 g - an amulet of reflection (around neck)
 j - a ring of resist corrosion (left hand)
Scrolls
 c - 5 scrolls of identify {unknown}
 d - a scroll of blinking
 h - a scroll of immolation {unknown}
 k - 3 scrolls of fog {unknown}
 m - a scroll of amnesia {unknown}
 o - a scroll of enchant armour {unknown}
Potions
 f - a potion of heal wounds {unknown}
 i - a potion of invisibility {unknown}
 l - 2 potions of mutation {unknown}


   Skills:
 + Level 3.3 Fighting
 + Level 5.1 Maces & Flails
 - Level 0.6 Throwing
 - Level 0.7 Armour
 - Level 1.5 Dodging
 - Level 2.0 Spellcasting
 + Level 3.0 Translocations


You had 6 spell levels left.
You knew the following spells:

 Your Spells              Type           Power        Failure   Level
a - Blink                 Tloc           N/A          13%         2

Your spell library contained the following spells:

 Spells                   Type           Power        Failure   Level
 Gell's Gravitas          Tloc           #.........   26%         3
 Lesser Beckoning         Tloc           #.........   26%         3
 Teleport Other           Tloc           #.......     26%         3
 Passage of Golubria      Tloc           N/A          65%         4


Dungeon Overview and Level Annotations

Branches:
Dungeon (3/15)

Altars:
Okawaru

Annotations:
D:2 1 exclusion


Innate Abilities, Weirdness & Mutations

You are completely covered in rugged brown scales. (AC +3, +7% HP)
You have supernaturally acute eyesight. (SInv)
Armour fits poorly on your strangely shaped body.
You can roll at foes to attack.
You have a long armoured tail.


Message History

The orc wizard hits you but does no damage.
The orc wizard gestures at you while chanting.
The magic dart hits you.
* * * LOW HITPOINT WARNING * * *
Okay, then.
Casting: Blink (safe; 13% risk of failure)
Confirm with . or Enter, or press ? or * to list all spells.
You blink.
The orc wizard gestures at you while chanting.
The magic dart hits you.
* * * LOW HITPOINT WARNING * * *
Roll where?
Press: ? - help, Dir - move target cursor, f - orc wizard
Aim: an orc wizard, wielding a -2 dagger and wearing a +0 robe (lightly wounded)
You roll forward with a clatter of scales!
You hit the orc wizard.
Your tail-slap misses the orc wizard.
The orc wizard is heavily wounded.
The orc wizard casts a spell at you. The magic dart hits you.
You die...

#.# #.# #.# #.#
##.##### ###..>...#
###########........###
#...>....##.#.........
#.##o@○......#.#.#.###
#.#.#.##.##.##.#.#.##.
#..###.#.#####.#.#.##.
#.## ##..# ##'#...##.
#..###...# ##...#####.
###.#.######....(## #.
##.## ##.......###.
##...####.........##.
#.......'.........'..


You could see an orc wizard.

Vanquished Creatures
  2 orc priests
  3 orc wizards (D:2)
  An adder (D:3)
  A worm (D:2)
  6 orcs
  A ball python (D:2)
  6 bats
  2 giant cockroaches
  5 hobgoblins
  3 jackals (D:1)
  2 frilled lizards
  4 goblins
  A jackal zombie (D:3)
  5 kobolds
  6 rats
48 creatures vanquished.

Notes
Turn   | Place    | Note
-------+----------+-------------------------------------------
     0 | D:1      | Drachen the Palentonga Warper began the quest for the Orb.
     0 | D:1      | Reached XP level 1. HP: 18/18 MP: 3/3
   224 | D:1      | Reached XP level 2. HP: 15/26 MP: 5/5
   559 | D:1      | Learned a level 2 spell: Blink
  1131 | D:2      | Reached XP level 3. HP: 31/32 MP: 6/6
  1164 | D:2      | Reached skill level 3 in Maces & Flails
  1447 | D:2      | Found an iron altar of Okawaru.
  1547 | D:2      | Became a worshipper of Warmaster Okawaru
  1881 | D:1      | Reached XP level 4. HP: 18/39 MP: 7/7
  2081 | D:2      | Reached skill level 4 in Maces & Flails
  2106 | D:2      | Reached XP level 5. HP: 42/48 MP: 8/8
  2956 | D:2      | Reached skill level 5 in Maces & Flails
  2960 | D:2      | HP: 1/48 [orc wizard/magic dart (6)]
  2961 | D:2      | Killed from afar by an orc wizard

Illustrated notes

Levels and vault maps discovered:
D:1:      dpeg_arrival_round_a, layout_loops_ring, chequers_serial_rivers_marsh,
          minmay_misc_feat_columns
D:2:      cheibrodos_pilgrimage, layout_loops_corners,
          kennysheep_okawaru_gauntlet
D:3:      layout_loops_ring, lemuel_crystal_altar

Skill      XL: |  1  2  3  4  5 |
---------------+----------------+-----
Maces & Flails | 3 4 5 |  5.1
Fighting       | 3 |  3.3
Throwing       | |  0.6
Armour         | |  0.7
Dodging        | |  1.5
Spellcasting   | |  2.0
Translocations | |  3.0

Action                   |  1- 3 |  4- 6 || total
-------------------------+-------+-------++-------
Melee: Mace              |   105 |    56 ||   161
       Tailslap          |    10 |     8 ||    18
 Cast: Blink             |       |     2 ||     2
 Abil: Rolling Charge    |    18 |     7 ||    25
Armor: Leather armour    |    32 |    16 ||    48
Dodge: Dodged            |    42 |    20 ||    62
Block: Other             |    15 |    10 ||    25

Table legend: (Time is in decaauts)
 A = Elapsed time spent in this place.
 B = Non-inter-level travel time spent in this place.
 C = Inter-level travel time spent in this place.
 D = Time resting spent in this place.
 E = Time spent auto-exploring this place.
 F = Levels seen in this place.
 G = Mean time per level.
                   A        B        C        D        E       F      G
               +--------+--------+--------+--------+--------+-----+--------+
         Total |   3003 |   2973 |     30 |   1152 |   1381 |   3 | 1001.0 |
       Dungeon |   3003 |   2973 |     30 |   1152 |   1381 |   3 | 1001.0 |
               +--------+--------+--------+--------+--------+-----+--------+

Top non-repeatable levels by time:
     D:2: 1781 daAuts
     D:1: 1175 daAuts
     D:3: 47 daAuts
